 Dungeon Crawl Stone Soup version 0.30-a0-174-gbc10bd73c2 (webtiles) character file.

Game seed: 326506704472999072

148 qw the Chopper (level 5, -6/32 HPs)
             Began as a Gargoyle Fighter on Oct 1, 2022.
             Killed from afar by an orc wizard (8 damage)
             ... with a puff of flame
             ... on level 3 of the Dungeon.
             The game lasted 00:00:44 (2063 turns).

qw the Chopper (Gargoyle Fighter)                   Turns: 2063, Time: 00:00:45

Health: -6/32      AC: 12    Str: 21    XL:     5   Next: 30%
Magic:  5/5        EV:  9    Int:  9    God:
Gold:   82         SH:  4    Dex:  9    Spells: 4/4 levels left

rFire   . . .      SeeInvis .    Y - +1 war axe
rCold   . . .      Faith    .    c - +0 buckler
rNeg    + . .      Spirit   .    b - +0 scale mail
rPois   inf        Reflect  .    a - +0 helmet
rElec   +          Harm     .    (no cloak)
rCorr   .          Rampage  .    (no gloves)
Will    .....                    (no boots)
Stlth   ..........               (no amulet)
HPRegen 0.25/turn                (no ring)
MPRegen 0.09/turn                (no ring)

@: no status effects
A: sickness immunity, AC +4, negative energy resistance 1, electricity
resistance, torment resistance 1, petrification resistance
a: no special abilities


You were on level 3 of the Dungeon.
You visited 1 branch of the dungeon, and saw 3 of its levels.

You collected 82 gold pieces.


Innate Abilities, Weirdness & Mutations

You are immune to sickness and miasma.
Your stone body is resilient. (AC +4)
You are immune to poison.
You resist negative energy. (rN+)
You are resistant to electric shocks. (rElec)
You are resistant to unholy torment.
You are immune to petrification.


   Skills:
 - Level 3.2 Fighting
 + Level 4.8 Axes
 - Level 3.2 Armour
 - Level 3.2 Shields


You had 4 spell levels left.
You didn't know any spells.
Your spell library was empty.

Inventory:

Hand Weapons
 e - a +0 flail
 Y - a +1 war axe (weapon)
Armour
 a - a +0 helmet (worn)
 b - a +0 scale mail (worn)
 c - a +0 buckler (worn)
 f - a +0 plate armour
 k - a +0 leather armour of fire resistance
Scrolls
 m - a scroll of identify
Potions
 d - a potion of might
 i - a potion of heal wounds {unknown}
 j - 2 potions of brilliance {unknown}
 r - a potion of cancellation {unknown}

Dungeon Overview and Level Annotations

Branches:
Dungeon (3/15)

Altars:


Message History

You're too confused to move!
Something hits you.
You're too confused to attack without stumbling around!
You start resting.
There is a strange disturbance nearby!
Something hits you but does no damage.
You bump into the rock wall.
The orc priest casts a cantrip, but nothing happens.
Something hits you but does no damage.
You see here 4 gold pieces.
You bump into the rock wall.
Something hits you but does no damage.
You bump into the rock wall.
You feel less confused. The orc hits you but does no damage.
Something hits you but does no damage.
You slash the orc!
You kill the orc!
You slash something! Something hits you but does no damage.
You barely miss the orc priest. You hit something.
The orc priest hits you but does no damage.
You hear some strange, mumbled words.
A magic dart appears from out of thin air!
The magic dart hits you! Something hits you but does no damage.
The orc priest barely misses you.
You hit the orc priest.
The orc priest is lightly wounded.
You closely miss something.
The orc priest casts a cantrip, but nothing happens.
You hear some strange, mumbled words.
A magic dart appears from out of thin air!
The magic dart hits you!
You closely miss the orc priest.
The orc priest is lightly wounded.
You miss something.
The orc priest hits you with a +0 dagger.
You hear some strange, mumbled words.
A puff of flame appears from out of thin air!
The puff of flame hits you!
You die...

.....# #..........##.#..
######
#..#.#####.##.#.##
##.##.#####.##...#
###.##............###
#........##.#####..#####
#.##.###.##......<.....#
.. #.########..###.# #+
#{$# #..# ##@# #... #o#
#.##. ... #.. .. .....
### ## ....... ........#
#........# #........#


You could see an orc priest.

Vanquished Creatures
  An ogre (D:3)
  2 adders (D:2)
  A worm (D:2)
  2 orcs (D:3)
  4 endoplasms
  2 giant cockroaches
  5 goblins
  5 hobgoblins
  6 kobolds
  A quokka (D:2)
  2 ball pythons
  4 bats
  2 frilled lizards (D:1)
  5 rats
42 creatures vanquished.

Notes
Turn   | Place    | Note
-------+----------+-------------------------------------------
     0 | D:1      | qw the Gargoyle Fighter began the quest for the Orb.
     0 | D:1      | Reached XP level 1. HP: 14/14 MP: 1/1
     0 | D:1      | 0 ||| qw: Version: 0.2-a-13-gfc7b4b4
     0 | D:1      | 0 ||| qw: Game counter: 1947
     0 | D:1      | 0 ||| qw: Always use a shield: true
     0 | D:1      | 0 ||| qw: God list: Okawaru
     0 | D:1      | 0 ||| qw: Allow faded altars: false
     0 | D:1      | 0 ||| qw: Do Orc after D:15 true
     0 | D:1      | 0 ||| qw: Do second Lair branch before Depths: true
     0 | D:1      | 0 ||| qw: Lair rune preference: random
     0 | D:1      | 0 ||| qw: Plans: Normal, Zot:1-4, God:TSO, Crypt, Tomb,
                  | Pan, Slime:5, Hells, Abyss, Orb
     0 | D:1      | 0 ||| PLANNING D:1-11
    41 | D:1      | 41 ||| Stepping ~*~*~tactically~*~*~ (stealth).
    47 | D:1      | Reached skill level 2 in Axes
   311 | D:1      | Found a faded altar of an unknown god.
   377 | D:1      | Reached XP level 2. HP: 17/19 MP: 2/2
   476 | D:1      | 476 ||| Stepping ~*~*~tactically~*~*~ (stealth).
   499 | D:1      | 499 ||| Stepping ~*~*~tactically~*~*~ (stealth).
   666 | D:1      | 666 ||| READING scroll labelled JAODES UTSUAG.
   667 | D:1      | 667 ||| DRINKING 2 glowing red potions.
   768 | D:1      | 768 ||| DROPPING potion of ambrosia.
   824 | D:2      | Reached skill level 3 in Axes
   824 | D:2      | Reached XP level 3. HP: 23/23 MP: 3/3
   970 | D:2      | 970 ||| Stepping ~*~*~tactically~*~*~ (stealth).
   972 | D:2      | 972 ||| Stepping ~*~*~tactically~*~*~ (stealth).
  1134 | D:2      | 1134 ||| Stepping ~*~*~tactically~*~*~ (stealth).
  1365 | D:2      | 1365 ||| Stepping ~*~*~tactically~*~*~ (stealth).
  1434 | D:2      | Reached XP level 4. HP: 28/28 MP: 4/4
  1607 | D:2      | 1607 ||| UPGRADING to +0 helmet.
  1612 | D:2      | 1612 ||| READING scroll labelled VACIWK SUACI.
  1615 | D:2      | 1615 ||| READING scroll labelled ZOMEGO NAOCS.
  1616 | D:2      | 1616 ||| READING 4 scrolls labelled LATSYN PEVVOCEVU.
  1617 | D:2      | 1617 ||| READING scroll labelled ECKUSI NIACEO.
  1618 | D:2      | 1618 ||| READING scroll labelled NAKKYB FEMI.
  1719 | D:2      | 1719 ||| READING scroll labelled FOICLY AZEIS.
  1720 | D:2      | 1720 ||| READING scroll labelled BUUKLEV BAUSYGG.
  1721 | D:2      | 1721 ||| READING 3 scrolls of identify.
  1721 | D:2      | 1721 ||| IDENTIFYING viscous orange potion
  1722 | D:2      | 1722 ||| READING 2 scrolls of identify.
  1722 | D:2      | 1722 ||| IDENTIFYING red potion
  1723 | D:2      | 1723 ||| DROPPING potion of degeneration.
  1859 | D:3      | Noticed an ogre
  1868 | D:3      | Killed an ogre
  1869 | D:3      | Reached skill level 4 in Axes
  1869 | D:3      | Reached XP level 5. HP: 10/32 MP: 5/5
  2043 | D:3      | 2043 ||| DRINKING potion of curing.
  2043 | D:3      | 2043 ||| (to cure confusion)
  2062 | D:3      | HP: 3/32 [something/magic dart (9)]
  2063 | D:3      | Killed from afar by an orc wizard

Levels and vault maps discovered:
D:1:      lightli_arrival_isolated_outpost, layout_basic,
          shapermc_ecumenical_altar_pompeii, minmay_pentomino_p4
D:2:      layout_basic
D:3:      layout_loops_cross, mainiacjoe_overflow_surrounded_room,
          gammafunk_temple_overflow_statue, nrook_campfire

Skill      XL: |  1  2  3  4 |
---------------+-------------+-----
Axes           | 2 3 4 |  4.8
Fighting       | |  3.2
Armour         | |  3.2
Shields        | |  3.2

Action                   |  1- 3 |  4- 6 || total
-------------------------+-------+-------++-------
Melee: War axe           |   104 |    29 ||   133
  Use: Scroll            |     1 |     9 ||    10
       Potion            |     1 |     1 ||     2
Armor: Scale mail        |    44 |    22 ||    66
Dodge: Dodged            |    52 |     4 ||    56
Block: Buckler           |    17 |     1 ||    18

Table legend:
 A = Non-vault XP
 B = Vault XP
 C = Vault XP percentage of total XP
 D = Non-vault monster count
 E = Vault monster count
 F = Vault count percentage of total count
                 A         B        C        D         E       F
            +---------+---------+-------+---------+---------+-------
      Total |     207 |       5 |   2.4 |      39 |       3 |   7.1
            +---------+---------+-------+---------+---------+-------
        D:1 |      23 |       5 |  17.9 |      16 |       3 |  15.8
        D:2 |      56 |       0 |   0.0 |      18 |       0 |   0.0
        D:3 |     128 |       0 |   0.0 |       5 |       0 |   0.0
            +---------+---------+-------+---------+---------+-------
